 Dungeon Crawl Stone Soup version 0.17.0-1-g61d176b (webtiles) character file.

68 TruthSerum the Cudgeler (level 4, -16/49 HPs)
             Began as an Ogre Berserker on Nov 7, 2015.
             Was a Believer of Trog.
             Demolished by an orc wizard
             ... wielding a +1 dagger of electrocution
              (17 damage)
             ... on level 3 of the Dungeon.
             The game lasted 00:06:02 (1891 turns).

TruthSerum the Cudgeler (Ogre Berserker)            Turns: 1891, Time: 00:06:02

Health: -16/49     AC:  3    Str: 22    XL:     4   Next: 19%
Magic:  4/4        EV: 10    Int:  6    God:    Trog [**....]
Gold:   160        SH:  0    Dex: 13    Spells: 0 memorised, 3 levels left

rFire  . . .     SeeInvis .     a - +0 mace
rCold  . . .     Clarity  +     b - +0 animal skin
rNeg   . . .     SustAt   .     (no shield)
rPois  .         Gourm    .     (helmet restricted)
rElec  .         Spirit   .     (no cloak)
rCorr  .         Warding  .     (gloves unavailable)
rMut   .         Stasis   .     (boots unavailable)
MR     .....                    g - amulet of clarity
Stlth  +.........               n - +3 ring of dexterity
                                h - ring of flight

@: not resistant to hostile enchantments, very unstealthy
A: unfitting armour, tough skin 1
a: Berserk, Trog's Hand, Burn Spellbooks, Renounce Religion, Evoke Flight


You were on level 3 of the Dungeon.
You worshipped Trog.
Trog was pleased with you.
You were not hungry.

You visited 1 branch of the dungeon, and saw 3 of its levels.

You collected 160 gold pieces.

Inventory:

Hand Weapons
 a - a +0 mace (weapon)
Armour
 b - a +0 animal skin (worn)
Jewellery
 g - an amulet of clarity (around neck)
 h - a ring of flight (left hand)
 n - a +3 ring of dexterity (right hand)
Scrolls
 j - a scroll of noise {unknown}
 m - 2 scrolls of teleportation {unknown}
 o - 2 scrolls of magic mapping {unknown}
 p - a scroll of enchant armour {unknown}
 q - a scroll of fear {unknown}
 r - a scroll of amnesia {unknown}
 u - a scroll of identify {unknown}
 v - a scroll of remove curse {unknown}
Potions
 e - a potion of resistance {unknown}
 f - a potion of magic {unknown}
 i - a potion of haste {unknown}
 k - 2 potions of lignification {unknown}
 t - a potion of curing {unknown}
Comestibles
 c - a bread ration
 d - 2 fruits
 l - a beef jerky
 s - 5 chunks of flesh


   Skills:
 * Level 4.9 Fighting
 * Level 5.5 Maces & Flails
 - Level 2.6 Dodging
 + Level 0.7 Evocations


You had 3 spell levels left.
You didn't know any spells.

Dungeon Overview and Level Annotations

Branches:
Dungeon (3/15)

Altars:
Xom


Innate Abilities, Weirdness & Mutations

You are too large for most types of armour.
You have tough skin (AC +1).


Message History

You hit something. Something hits you.
* * * LOW HITPOINT WARNING * * *
You are too injured to fight recklessly!
You are too injured to fight recklessly!
You are too injured to fight recklessly!
You sock something! Something hits you but does no damage.
You closely miss something.
You hear some strange, mumbled words.
Something tries to affect you, but you resist.
You closely miss something.
You hear some strange, mumbled words.
A magic dart appears from out of thin air!
The magic dart hits you!
* * * LOW HITPOINT WARNING * * *
You miss something. Something hits you.
* * * LOW HITPOINT WARNING * * *
You closely miss something. Something hits you.
* * * LOW HITPOINT WARNING * * *
You are electrocuted!
You die...

...)......##.####.#
..........#.(.....#
.........##########
.................#
.........#######.#
.........# #.#
##.#############.#
#....[........#)#
#############.#@#
####.#{# #....#o.
#.######. #.# ..
#.# ## #.# #.# #.#


You could see an orc.

Vanquished Creatures
  An adder (D:2)
  2 oozes (D:2)
  A giant gecko (D:2)
  3 orcs (D:3)
  A ball python (D:1)
  4 goblins
  4 hobgoblins
  3 jackals (D:2)
  4 kobolds
  3 quokkas (D:2)
  7 bats
  3 giant cockroaches
  2 giant newts
  12 rats
50 creatures vanquished.

Notes
Turn   | Place    | Note
--------------------------------------------------------------
     0 | D:1      | TruthSerum the Ogre Berserker began the quest for the Orb.
     0 | D:1      | Reached XP level 1. HP: 24/24 MP: 1/1
   282 | D:1      | Found a shimmering altar of Xom.
   289 | D:1      | Reached XP level 2. HP: 29/33 MP: 2/2
   821 | D:2      | Reached XP level 3. HP: 35/40 MP: 3/3
   866 | D:2      | Reached skill level 5 in Maces & Flails
  1071 | D:2      | Reached ** piety under Trog
  1715 | D:2      | Reached XP level 4. HP: 49/49 MP: 4/4
  1891 | D:3      | HP: 1/49 [something (2)]
  1891 | D:3      | Demolished by an orc wizard

Action                   |  1- 3 |  4- 6 || total
-------------------------+-------+-------++-------
Melee: Mace              |   122 |    31 ||   153
  Eat: Chunk             |     3 |       ||     3
